[Event "ICC tourney 2520 (60 10)"]
[Site "Internet Chess Club"]
[Date "2021.04.18"]
[Round "6"]
[White "VITTICORE, VIOLA:ViolaVps130"]
[Black "DENG, HOPE:Hopetiger"]
[Result "0-1"]
[ICCResult "White checkmated"]
[WhiteElo "163"]
[BlackElo "330"]
[Opening "French defense"]
[ECO "C01"]
[NIC "FR.01"]
[Time "16:32:44"]
[PlyCount "26"]
[TimeControl "3600+10"]

1. e4 e6 2. d4 Bb4+ 3. Bd2 Nc6 4. Nf3 Nf6 5. d5 exd5 6. exd5 Nxd5 7. Ke2
Qe7+ 8. Kd3 d6 9. Bg5 Qe5 10. Nxe5 Nxe5+ 11. Kd4 c6 12. Nd2 Bf5 13. Qe2
Bc5# { White checkmated } 0-1

[Event "ICC tourney 2520 (60 10)"]
[Site "Internet Chess Club"]
[Date "2021.04.18"]
[Round "6"]
[White "MAVROUDIS, ANTHONY JOHN:bananaplaychess"]
[Black "SHEININ, MARK:marksheinin"]
[Result "1-0"]
[ICCResult "Black checkmated"]
[WhiteElo "615"]
[BlackElo "748"]
[Opening "Queen's gambit accepted"]
[ECO "D20"]
[NIC "QG.03"]
[Time "16:32:46"]
[PlyCount "111"]
[TimeControl "3600+10"]

1. d4 d5 2. c4 dxc4 3. e3 Nc6 4. Bxc4 Nf6 5. Nc3 e5 6. dxe5 Qxd1+ 7. Nxd1
Nxe5 8. Be2 Bb4+ 9. Bd2 Bxd2+ 10. Kxd2 O-O 11. Nf3 Nxf3+ 12. Bxf3 Rd8+ 13.
Ke2 Rb8 14. Nc3 b5 15. Rhd1 Rxd1 16. Rxd1 h6 17. Ne4 Nxe4 18. Bxe4 Be6 19.
a3 f5 20. Bd5 Bxd5 21. Rxd5 g6 22. Kf3 b4 23. a4 c6 24. Rd6 g5 25. Rxc6 h5
26. Rg6+ Kf7 27. Rxg5 Rh8 28. Rxf5+ Ke6 29. Rb5 Rf8+ 30. Ke2 a5 31. Rxa5
Rb8 32. Ra6+ Kd7 33. f4 b3 34. e4 Rc8 35. Ra7+ Kc6 36. Ra6+ Kb7 37. Ra5
Rc2+ 38. Kd3 Rxb2 39. Rb5+ Ka6 40. e5 Rb1 41. e6 b2 42. e7 Rd1+ 43. Kc2
b1=Q+ 44. Rxb1 Rxb1 45. Kxb1 Kb7 46. e8=Q Kc7 47. f5 Kd6 48. f6 h4 49. f7
Kc7 50. f8=Q h3 51. Qff7+ Kb6 52. Qee6+ Kc5 53. Qff5+ Kd4 54. Qee4+ Kc3 55.
Qff3+ Kd2 56. Qee2# { Black checkmated } 1-0

[Event "ICC tourney 2520 (60 10)"]
[Site "Internet Chess Club"]
[Date "2021.04.18"]
[Round "6"]
[White "ADAMS, MAXIMILIAN:maxadams"]
[Black "Kim, Ethan:EthanJKps11"]
[Result "1-0"]
[ICCResult "Black checkmated"]
[WhiteElo "448"]
[BlackElo "497"]
[Opening "Giuoco Piano: Greco's attack"]
[ECO "C54"]
[NIC "IG.02"]
[Time "16:32:54"]
[PlyCount "67"]
[TimeControl "3600+10"]

1. e4 e5 2. Nf3 Nc6 3. Bc4 Bc5 4. c3 Nf6 5. d4 exd4 6. cxd4 Bb4+ 7. Nc3
Nxe4 8. Qd3 d5 9. Bb3 Nxc3 10. bxc3 Ba5 11. Bg5 Qd6 12. O-O O-O 13. Rfe1
Bg4 14. h3 Bh5 15. Bc2 Bg6 16. Qd2 Qa3 17. Re3 Rfe8 18. Rxe8+ Rxe8 19. Re1
Rxe1+ 20. Qxe1 Bxc2 21. Qe8+ Qf8 22. Qe3 Be4 23. Nh4 h6 24. Bf4 g5 25. Bg3
gxh4 26. Bxh4 Qg7 27. f3 Bf5 28. Qf4 Bxh3 29. Kf1 Qxg2+ 30. Ke1 Bxc3+ 31.
Kd1 Qxa2 32. Qg3+ Kh8 33. Bf6+ Kh7 34. Qg7# { Black checkmated } 1-0

[Event "ICC tourney 2520 (60 10)"]
[Site "Internet Chess Club"]
[Date "2021.04.18"]
[Round "6"]
[White "WEISSMAN, JONAS:nycjjw"]
[Black "VELAMOOR, MILIN:milin2012"]
[Result "1-0"]
[ICCResult "Black checkmated"]
[WhiteElo "411"]
[BlackElo "100"]
[Opening "Scandinavian (center counter) defense"]
[ECO "B01"]
[NIC "SD.02"]
[Time "16:33:00"]
[PlyCount "67"]
[TimeControl "3600+10"]

1. e4 d5 2. exd5 Qxd5 3. Nc3 Qe5+ 4. Qe2 Qxe2+ 5. Bxe2 Nc6 6. Nf3 e5 7. d4
exd4 8. Bf4 dxc3 9. bxc3 Bd6 10. Bxd6 cxd6 11. Nd4 Nxd4 12. cxd4 Nf6 13.
O-O Bg4 14. f3 Bh5 15. g4 Bg6 16. c4 Bc2 17. Rfc1 Ba4 18. c5 dxc5 19. Rc4
Bb5 20. Rc2 O-O 21. Bxb5 a6 22. Bd3 Nd5 23. Rxc5 Ne3 24. Kf2 Rfe8 25. Be4
a5 26. Bxb7 Rab8 27. Be4 Rb2+ 28. Kxe3 Rbb8 29. Rxa5 Re7 30. Rb1 Rc8 31.
Rab5 Rc3+ 32. Kf4 Rcc7 33. Rb8+ Re8 34. Rxe8# { Black checkmated } 1-0

[Event "ICC tourney 2520 (60 10)"]
[Site "Internet Chess Club"]
[Date "2021.04.18"]
[Round "6"]
[White "GOMEZ, ARONNY:Aronny0512"]
[Black "VON SCHIMMELMANN, ALEXANDER:AlexV2013"]
[Result "1-0"]
[ICCResult "Black checkmated"]
[WhiteElo "100"]
[BlackElo "273"]
[Opening "Scandinavian (center counter) defense"]
[ECO "B01"]
[NIC "SD.02"]
[Time "16:33:34"]
[PlyCount "45"]
[TimeControl "3600+10"]

1. e4 d5 2. exd5 Qxd5 3. Nc3 Qd8 4. Bb5+ c6 5. Ba4 e6 6. Ne4 Bd6 7. Nxd6+
Qxd6 8. Nf3 Ne7 9. O-O O-O 10. c3 e5 11. Re1 Bg4 12. Qe2 f6 13. b3 Bxf3 14.
Qxf3 Nd5 15. c4 Nc7 16. b4 Qxb4 17. Bd1 Qd6 18. Rb1 Nb5 19. cxb5 cxb5 20.
Re3 Nc6 21. Qg4 Nd4 22. Rg3 Qe6 23. Qxg7# { Black checkmated } 1-0

[Event "ICC tourney 2520 (60 10)"]
[Site "Internet Chess Club"]
[Date "2021.04.18"]
[Round "6"]
[White "AU, JINXIAN DENNIS:Brawlstars"]
[Black "ALAGAPPAN, MUTHU KUMARAN:MKAL2012"]
[Result "1/2-1/2"]
[ICCResult "Game drawn by mutual agreement"]
[WhiteElo "504"]
[BlackElo "791"]
[Opening "Sicilian defense"]
[ECO "B30"]
[NIC "SI.31"]
[Time "16:32:53"]
[PlyCount "40"]
[TimeControl "3600+10"]

1. e4 c5 2. Nf3 Nc6 3. Bc4 e6 4. O-O Nf6 5. e5 Ng4 6. h3 Ngxe5 7. Nxe5 Nxe5
8. Be2 Be7 9. d4 cxd4 10. Qxd4 Bf6 11. Qd1 O-O 12. Bf4 b6 13. Bf3 Rb8 14.
Be4 g6 15. Bh6 Re8 16. Nc3 Bb7 17. Bxb7 Rxb7 18. f4 Nc6 19. Nb5 Re7 20. Nd6
Rc7 { Game drawn by mutual agreement } 1/2-1/2

[Event "ICC tourney 2520 (60 10)"]
[Site "Internet Chess Club"]
[Date "2021.04.18"]
[Round "6"]
[White "FOFANA, MARYAM:RPIMaryam"]
[Black "LUCAS, WILLIAM:Williaml"]
[Result "1-0"]
[ICCResult "Black checkmated"]
[WhiteElo "100"]
[BlackElo "445"]
[Opening "French defense"]
[ECO "C00"]
[NIC "FR.01"]
[Time "16:33:01"]
[PlyCount "79"]
[TimeControl "3600+10"]

1. e4 e6 2. Nf3 b6 3. e5 d5 4. Bb5+ c6 5. Ba4 b5 6. Bb3 a5 7. O-O a4 8.
Bxd5 cxd5 9. d4 Bb4 10. c3 Be7 11. Bf4 Nc6 12. Nbd2 b4 13. cxb4 Bxb4 14.
Bg5 Nge7 15. b3 h6 16. Bh4 O-O 17. bxa4 Ba6 18. Rb1 Bxd2 19. Nxd2 Bxf1 20.
Qxf1 Qa5 21. Qd1 Qxa4 22. Qe2 Nf5 23. Bg3 Nxg3 24. hxg3 Qxa2 25. Rd1 Nxd4
26. Qe3 Nc2 27. Qd3 Ra3 28. Qe2 Nd4 29. Qe1 Nc2 30. Qe2 Qc4 31. Nxc4 dxc4
32. Qxc4 Na1 33. Qd4 Nb3 34. Qe3 Rfa8 35. Rd3 Ra1+ 36. Kh2 Nc1 37. Rd4 Rb1
38. Qd2 Raa1 39. Qc2 Na2 40. Rd8# { Black checkmated } 1-0

[Event "ICC tourney 2520 (60 10)"]
[Site "Internet Chess Club"]
[Date "2021.04.18"]
[Round "6"]
[White "LOPEZ, RUBI:Rubilopez05"]
[Black "BABENKO, NAOMI:Naomib"]
[Result "0-1"]
[ICCResult "White checkmated"]
[WhiteElo "109"]
[BlackElo "100"]
[Opening "Giuoco Piano: four knights variation"]
[ECO "C55"]
[NIC "IG.01"]
[Time "16:33:34"]
[PlyCount "66"]
[TimeControl "3600+10"]

1. e4 e5 2. Bc4 Nf6 3. Nf3 Nc6 4. Nc3 Bc5 5. d4 exd4 6. Ne2 d6 7. e5 dxe5
8. Bg5 h6 9. O-O hxg5 10. Qd2 Bb4 11. Rfe1 Bxd2 12. Red1 Ba5 13. Bb5 a6 14.
Bxc6+ bxc6 15. Rd3 e4 16. Rxd4 Bb6 17. Rxd8+ Kxd8 18. Rd1+ Ke8 19. Nd2 Ng4
20. Nxe4 Bf5 21. Nxg5 Bxf2+ 22. Kf1 Rxh2 23. Nf3 Rh1+ 24. Nfg1 Rb8 25. Nc3
Ne3+ 26. Kxf2 Nxd1+ 27. Ke2 Nxc3+ 28. bxc3 Rxg1 29. Kf2 Rc1 30. Ke2 Rxc2+
31. Kd1 Rxa2 32. Kc1 Rxg2 33. Kd1 Rb1# { White checkmated } 0-1

[Event "ICC tourney 2520 (60 10)"]
[Site "Internet Chess Club"]
[Date "2021.04.18"]
[Round "6"]
[White "CHOKSHI, AAYUSH:ChessChampion21"]
[Black "HACKETT, NORA:NoraHps77"]
[Result "1-0"]
[ICCResult "Black checkmated"]
[WhiteElo "449"]
[BlackElo "160"]
[Opening "Four knights: Spanish variation"]
[ECO "C48"]
[NIC "KP.03"]
[Time "16:33:34"]
[PlyCount "63"]
[TimeControl "3600+10"]

1. e4 e5 2. Nf3 Nc6 3. Nc3 Nf6 4. Bb5 d6 5. d3 Bg4 6. Bg5 Qb8 7. O-O Be7 8.
h3 Bxf3 9. Qxf3 O-O 10. Nd5 Re8 11. Nxf6+ Bxf6 12. Bxf6 gxf6 13. Qxf6 Re6
14. Qg5+ Rg6 15. Qh4 Nb4 16. c3 Nc2 17. Rac1 a5 18. Rxc2 c6 19. Bc4 b5 20.
Bb3 Kf8 21. a4 Ke8 22. axb5 cxb5 23. Qxh7 Rg5 24. Qxf7+ Kd8 25. Re2 Ra7 26.
Qf6+ Kd7 27. Qxg5 Kc6 28. Bd5+ Kc5 29. d4+ Kb6 30. dxe5 dxe5 31. Qf6+ Kc5
32. Qc6# { Black checkmated } 1-0

[Event "ICC tourney 2520 (60 10)"]
[Site "Internet Chess Club"]
[Date "2021.04.18"]
[Round "6"]
[White "BIRUDAVOLU, SATHVIK:Vikki24"]
[Black "Sun, Aiden:aiden0613"]
[Result "0-1"]
[ICCResult "White checkmated"]
[WhiteElo "631"]
[BlackElo "722"]
[Opening "Giuoco Piano: four knights variation"]
[ECO "C28"]
[NIC "IG.04"]
[Time "16:32:39"]
[PlyCount "60"]
[TimeControl "3600+10"]

1. e4 e5 2. Bc4 Nc6 3. Nc3 Nf6 4. Nf3 Bc5 5. h3 d6 6. O-O Be6 7. Bb3 O-O 8.
d3 h6 9. Be3 Nd4 10. Bxd4 exd4 11. Nd5 c6 12. Nxf6+ Qxf6 13. Qe2 Qg6 14. c4
Bxh3 15. Nh4 Qg5 16. Qf3 Bg4 17. Qg3 Be2 18. Rfe1 Qxg3 19. fxg3 Bxd3 20.
Rad1 Bxe4 21. Rxe4 Rae8 22. Rxe8 Rxe8 23. Kf2 g5 24. Nf3 d3+ 25. Kf1 Re3
26. a4 g4 27. Nh4 d2 28. Bc2 Bb4 29. Kf2 Re1 30. b3 Bc5# { White checkmated
} 0-1

[Event "ICC tourney 2520 (60 10)"]
[Site "Internet Chess Club"]
[Date "2021.04.18"]
[Round "6"]
[White "GORDON, RYAN:RJMagnus"]
[Black "KHAN, ADIL LEONIDAS:akhan123"]
[Result "0-1"]
[ICCResult "White checkmated"]
[WhiteElo "633"]
[BlackElo "757"]
[Opening "QGD: 4.Nf3"]
[ECO "D37"]
[NIC "QO.16"]
[Time "16:33:09"]
[PlyCount "52"]
[TimeControl "3600+10"]

1. d4 d5 2. c4 e6 3. Nc3 Nf6 4. Nf3 Be7 5. e3 Bd7 6. cxd5 exd5 7. Bd3 c6 8.
O-O O-O 9. Qc2 Bg4 10. Ne5 Be6 11. e4 dxe4 12. Bxe4 Nxe4 13. Qxe4 Nd7 14.
Rd1 Nxe5 15. dxe5 Qc8 16. Qf3 Bg4 17. Qg3 Bxd1 18. Bh6 Qg4 19. Rxd1 Qxg3
20. fxg3 gxh6 21. Ne4 Rad8 22. Nf6+ Bxf6 23. Re1 Be7 24. e6 fxe6 25. Rf1
Bc5+ 26. Rf2 Rd1# { White checkmated } 0-1

[Event "ICC tourney 2520 (60 10)"]
[Site "Internet Chess Club"]
[Date "2021.04.18"]
[Round "6"]
[White "ROBINSON, LEO:LeoRps130"]
[Black "ROOSEN, WILLIAM:Willy013"]
[Result "1-0"]
[ICCResult "Black checkmated"]
[WhiteElo "335"]
[BlackElo "782"]
[Opening "Petrov three knights game"]
[ECO "C42"]
[NIC "RG.01"]
[Time "16:33:34"]
[PlyCount "105"]
[TimeControl "3600+10"]

1. e4 e5 2. Nf3 Nf6 3. Nc3 Bb4 4. d3 Nc6 5. Bd2 d5 6. exd5 Nxd5 7. Nxd5
Bxd2+ 8. Qxd2 Qxd5 9. Ng5 h6 10. Nh3 Bxh3 11. gxh3 Qxh1 12. O-O-O Qxh2 13.
Re1 Qf4 14. Qxf4 O-O 15. Qg4 f5 16. Qc4+ Kh8 17. b4 Nd4 18. Rxe5 b5 19.
Qxd4 Rfe8 20. Rxe8+ Rxe8 21. Qxa7 Re1+ 22. Kd2 Rxf1 23. Qxc7 Rxf2+ 24. Ke3
Rh2 25. Qb8+ Kh7 26. Qxh2 Kg6 27. h4 Kh5 28. Qe2+ Kxh4 29. d4 Kg5 30. Kf3
h5 31. Qg2+ Kf6 32. Kg3 g5 33. Kh3 g4+ 34. Kg3 Ke6 35. d5+ Kd6 36. Kh4 f4
37. Kxh5 f3 38. Qxg4 Kxd5 39. Qxf3+ Kc4 40. Qb3+ Kd4 41. Qd3+ Ke5 42. Qxb5+
Kd4 43. a4 Kc3 44. a5 Kxc2 45. a6 Kc3 46. a7 Kc2 47. a8=Q Kb3 48. Qd3+ Kxb4
49. Qae4+ Kc5 50. Qdd5+ Kb6 51. Qee6+ Kc7 52. Qdd7+ Kb8 53. Qee8# { Black
checkmated } 1-0

[Event "ICC tourney 2520 (60 10)"]
[Site "Internet Chess Club"]
[Date "2021.04.18"]
[Round "6"]
[White "PRAHLAD, ATMAN DEV:AtmanDev"]
[Black "Tsay, Benjamin:tkdmaster725"]
[Result "1-0"]
[ICCResult "Black checkmated"]
[WhiteElo "699"]
[BlackElo "496"]
[Opening "Queen's gambit accepted"]
[ECO "D20"]
[NIC "QG.03"]
[Time "16:33:12"]
[PlyCount "51"]
[TimeControl "3600+10"]

1. d4 d5 2. c4 dxc4 3. e3 e6 4. Bxc4 Bb4+ 5. Bd2 Be7 6. Nf3 Nc6 7. Nc3 Nf6
8. O-O O-O 9. a3 Qd6 10. Qc2 e5 11. dxe5 Nxe5 12. Nxe5 Qxe5 13. Qd3 Ng4 14.
Rfe1 Qxh2+ 15. Kf1 Ne5 16. Qe4 Nd3 17. Bxd3 Qh1+ 18. Ke2 Qh2 19. Rh1 Bg4+
20. Qxg4 Rfd8 21. Rxh2 Bd6 22. Rxh7 Be5 23. Bc2 Rd6 24. Rah1 g6 25. Qf4
Rad8 26. Qxf7# { Black checkmated } 1-0

[Event "ICC tourney 2520 (60 10)"]
[Site "Internet Chess Club"]
[Date "2021.04.18"]
[Round "6"]
[White "ZHANG, JERRY TIANCHEN:jerry65321"]
[Black "BONFILI, MAX:MVBonfili"]
[Result "0-1"]
[ICCResult "White checkmated"]
[WhiteElo "633"]
[BlackElo "474"]
[Opening "Petrov's defense"]
[ECO "C42"]
[NIC "RG.03"]
[Time "16:32:58"]
[PlyCount "66"]
[TimeControl "3600+10"]

1. e4 e5 2. Nf3 Nf6 3. Nxe5 d6 4. Nf3 Nxe4 5. Bd3 Nf6 6. O-O Bg4 7. h3 Bxf3
8. Qxf3 Nc6 9. Bb5 Qe7 10. d3 O-O-O 11. Nc3 d5 12. Bg5 Qe5 13. Rfe1 Qxg5
14. Ne2 Bd6 15. Ng3 Rde8 16. a3 a6 17. Bxc6 bxc6 18. b4 c5 19. c3 cxb4 20.
axb4 Kb7 21. c4 Rxe1+ 22. Rxe1 Re8 23. Rb1 h5 24. b5 a5 25. Ra1 Kb6 26. Qd1
Be5 27. d4 Bd6 28. c5+ Bxc5 29. dxc5+ Kxb5 30. Qb3+ Kc6 31. Rxa5 Re1+ 32.
Kh2 Ng4+ 33. hxg4 Qh4# { White checkmated } 0-1

[Event "ICC tourney 2520 (60 10)"]
[Site "Internet Chess Club"]
[Date "2021.04.18"]
[Round "6"]
[White "Agarwal, Rohan:rohanagarwal"]
[Black "WILLIAMS, WILES:WilesWps139"]
[Result "1-0"]
[ICCResult "Black checkmated"]
[WhiteElo "179"]
[BlackElo "148"]
[Opening "Four knights: Spanish variation"]
[ECO "C48"]
[NIC "KP.03"]
[Time "16:32:55"]
[PlyCount "125"]
[TimeControl "3600+10"]

1. e4 e5 2. Nf3 Nc6 3. Nc3 Nf6 4. Bb5 d5 5. exd5 Nxd5 6. Bxc6+ bxc6 7. Nxe5
Nxc3 8. dxc3 Qxd1+ 9. Kxd1 Bg4+ 10. Ke1 Bc5 11. Nxg4 O-O 12. Kf1 Rfe8 13.
Bg5 Re4 14. f3 Rc4 15. Re1 g6 16. Bf6 h5 17. Nh6+ Kh7 18. Nxf7 Rf4 19. Ng5+
Kh6 20. Ne4 Bb6 21. Bg5+ Kg7 22. Bxf4 Rf8 23. Be5+ Kf7 24. Rd1 Re8 25. f4
Re6 26. Ng5+ Ke7 27. Nxe6 Kxe6 28. Re1 Kd5 29. Re2 Kc4 30. b3+ Kd5 31. c4+
Ke6 32. Bxc7+ Be3 33. Rxe3+ Kf5 34. g3 Kg4 35. h3+ Kf5 36. Re5+ Kf6 37. Rc5
g5 38. fxg5+ Kg6 39. Rxc6+ Kf5 40. h4 Kg4 41. Ra6 Kf3 42. Rxa7 Kg4 43. Ra8
Kf3 44. Rh8 Kg4 45. Bd8 Kf5 46. Rg1 Kg4 47. c5 Kf5 48. c6 Ke6 49. c7 Kd7
50. b4 Kc8 51. b5 Kb7 52. Rxh5 Kb6 53. c8=Q+ Kxb5 54. c4+ Kb4 55. Rg2 Ka3
56. Rh8 Kb4 57. c5 Kb5 58. Rh6 Kc4 59. Rc2+ Kd5 60. Qe6+ Kd4 61. Rf6 Kd3
62. Qe2+ Kd4 63. Rd6# { Black checkmated } 1-0

[Event "ICC tourney 2520 (60 10)"]
[Site "Internet Chess Club"]
[Date "2021.04.18"]
[Round "6"]
[White "LIANG, KEVIN:Kingkevin13"]
[Black "GOH, OLIVER:olivergps33"]
[Result "1-0"]
[ICCResult "Black checkmated"]
[WhiteElo "105"]
[BlackElo "613"]
[Opening "Queen's pawn, Mason variation"]
[ECO "D00"]
[NIC "QP.08"]
[Time "16:32:43"]
[PlyCount "139"]
[TimeControl "3600+10"]

1. d4 d5 2. Bf4 Nc6 3. Nf3 Nf6 4. e3 a6 5. Nbd2 Bf5 6. c3 e6 7. h3 Bd6 8.
Be5 Bxe5 9. dxe5 Ne4 10. Nxe4 Bxe4 11. Nd2 Nxe5 12. Nxe4 dxe4 13. Qd4 Qxd4
14. exd4 Nd3+ 15. Bxd3 exd3 16. O-O-O O-O 17. Rxd3 Rad8 18. Rhd1 Rd5 19. c4
Ra5 20. a3 h6 21. b4 Rg5 22. g3 b5 23. c5 e5 24. dxe5 Rxe5 25. Rd7 Rf5 26.
Rxc7 Rxf2 27. Ra7 Rf3 28. Rxa6 Rxg3 29. Ra5 Rxh3 30. Rxb5 Rxa3 31. c6 Raa8
32. Rc5 Rac8 33. c7 f6 34. b5 Rf7 35. b6 Rcf8 36. c8=Q Rxc8 37. Rxc8+ Kh7
38. Rc5 Rb7 39. Rb5 Kg6 40. Rd2 h5 41. Rc2 f5 42. Rc7 Rxc7+ 43. bxc7 h4 44.
Rxf5 Kxf5 45. c8=Q+ Kg5 46. Qh3 Kh5 47. Kd2 g5 48. Ke3 g4 49. Qf1 g3 50.
Kf3 Kg5 51. Qh3 Kh5 52. Kg2 Kg5 53. Qh1 Kh5 54. Kh3 Kg5 55. Qd5+ Kf4 56.
Qd4+ Kf3 57. Qxh4 g2 58. Qg4+ Kf2 59. Qxg2+ Ke3 60. Kh2 Kf4 61. Qe2 Kg5 62.
Qf3 Kg6 63. Qf4 Kg7 64. Qf5 Kh8 65. Qg5 Kh7 66. Kg3 Kh8 67. Kf4 Kh7 68. Kf5
Kh8 69. Kf6 Kh7 70. Qg7# { Black checkmated } 1-0

[Event "ICC tourney 2520 (60 10)"]
[Site "Internet Chess Club"]
[Date "2021.04.18"]
[Round "6"]
[White "YARYSHKIN, BRUCE:donutbruce"]
[Black "VASHISHT, ANEESH:aneeshgm2013"]
[Result "1-0"]
[ICCResult "Black checkmated"]
[WhiteElo "355"]
[BlackElo "698"]
[Opening "Robatsch (modern) defense"]
[ECO "B06"]
[NIC "KF.06"]
[Time "16:33:52"]
[PlyCount "73"]
[TimeControl "3600+10"]

1. e4 g6 2. Nc3 Bg7 3. Bc4 e6 4. d3 Nf6 5. Bg5 O-O 6. e5 h6 7. exf6 Bxf6 8.
Bxh6 Re8 9. Qf3 Bg7 10. Bxg7 Kxg7 11. O-O-O Rg8 12. h4 Kf8 13. h5 Qg5+ 14.
Kb1 c6 15. hxg6 Qxg6 16. d4 d5 17. Bd3 Qg7 18. Rh7 Qxh7 19. Bxh7 Rh8 20.
Bg6 Ke8 21. Qxf7+ Kd8 22. Qf6+ Kd7 23. Qxh8 b5 24. Qe8+ Kc7 25. Qe7+ Bd7
26. Re1 Kb6 27. a4 a6 28. axb5 axb5 29. Be8 Bc8 30. Qc5+ Kb7 31. Nf3 Bd7
32. Bxd7 Nxd7 33. Qe7 Kc7 34. Rxe6 Kb6 35. Qxd7 b4 36. Qxc6+ Ka5 37. Qb5# {
Black checkmated } 1-0

[Event "ICC tourney 2520 (60 10)"]
[Site "Internet Chess Club"]
[Date "2021.04.18"]
[Round "6"]
[White "STRAND, MAXIMILIAN:maxstrand11"]
[Black "RICAUD, LYNN:lricaud"]
[Result "0-1"]
[ICCResult "White checkmated"]
[WhiteElo "322"]
[BlackElo "551"]
[Opening "Petrov's defense"]
[ECO "C42"]
[NIC "RG.03"]
[Time "16:32:58"]
[PlyCount "88"]
[TimeControl "3600+10"]

1. e4 e5 2. Nf3 Nf6 3. Nxe5 Bd6 4. Nc4 Bc5 5. e5 Nd5 6. Bd3 O-O 7. Qg4 d6
8. Qh5 h6 9. Bf5 Bxf5 10. Qxf5 Nc6 11. Qg4 dxe5 12. d4 exd4 13. Bxh6 Re8+
14. Kf1 g6 15. Nbd2 Qe7 16. Nf3 Nf6 17. Qg5 Bd6 18. Re1 Qd8 19. Rxe8+ Qxe8
20. Nfd2 Nh7 21. Qg4 Qe7 22. Nf3 Re8 23. Ncd2 Ne5 24. Qe4 Nf6 25. Qe1 Bb4
26. c3 dxc3 27. bxc3 Bxc3 28. Qe2 Nd5 29. Nc4 Nf4 30. Qxe5 Bxe5 31. Nfxe5
Nd5 32. Ke2 Nc3+ 33. Kd3 Nb5 34. Re1 Rd8+ 35. Kc2 Qb4 36. Nf3 Nd4+ 37. Nxd4
Rxd4 38. Ne5 Qxe1 39. Nd3 Qe2+ 40. Bd2 Rc4+ 41. Kb3 Qxd3+ 42. Kb2 Rc2+ 43.
Kb1 Qxd2 44. f4 Qd1# { White checkmated } 0-1

[Event "ICC tourney 2520 (60 10)"]
[Site "Internet Chess Club"]
[Date "2021.04.18"]
[Round "6"]
[White "AGARAM, VAISHNAVI:Vagaram"]
[Black "LaRose, Benjamin:benlarose"]
[Result "0-1"]
[ICCResult "White checkmated"]
[WhiteElo "609"]
[BlackElo "450"]
[Opening "Queen's pawn, Mason variation"]
[ECO "D00"]
[NIC "QP.08"]
[Time "16:32:52"]
[PlyCount "76"]
[TimeControl "3600+10"]

1. d4 d5 2. Bf4 Bf5 3. Nc3 Nf6 4. Nb5 Na6 5. Nf3 c6 6. Nc3 Nb4 7. Rc1 e6 8.
e3 Ne4 9. Qe2 Nxc3 10. bxc3 Nxa2 11. Rb1 Nxc3 12. Qd2 Nxb1 13. Qc1 Nc3 14.
Bd3 Bxd3 15. cxd3 Nb5 16. Qd2 a5 17. O-O Bb4 18. Qc1 a4 19. Bg5 Qd7 20. Ne5
Qd6 21. Qd1 a3 22. h3 a2 23. Qh5 O-O 24. Qg4 f6 25. Bh6 Qe7 26. e4 dxe4 27.
Qxe4 fxe5 28. Qxe5 gxh6 29. Qg3+ Qg7 30. Qe3 a1=Q 31. Rxa1 Rxa1+ 32. Kh2
Qf7 33. Qg3+ Qg7 34. Qe3 Bd6+ 35. g3 Qf6 36. f3 Qxf3 37. Qd2 Qf2+ 38. Qxf2
Rxf2# { White checkmated } 0-1

[Event "ICC tourney 2520 (60 10)"]
[Site "Internet Chess Club"]
[Date "2021.04.18"]
[Round "6"]
[White "RIM, ARIANNA NAHRIM:Arianna0527"]
[Black "KLIPER, ARIEL:ArKliper"]
[Result "0-1"]
[ICCResult "White resigns"]
[WhiteElo "359"]
[BlackElo "606"]
[Opening "Four knights: Spanish, classical defense"]
[ECO "C48"]
[NIC "KP.03"]
[Time "16:33:34"]
[PlyCount "90"]
[TimeControl "3600+10"]

1. e4 e5 2. Nf3 Nc6 3. Nc3 Nf6 4. Bb5 Bc5 5. Nxe5 Nxe5 6. d4 Bd6 7. dxe5
Bxe5 8. O-O O-O 9. Re1 d6 10. Bg5 Bg4 11. Be2 Qd7 12. Bxg4 Nxg4 13. Nd5
Bxh2+ 14. Kh1 Rfe8 15. Ne7+ Rxe7 16. Bxe7 Qxe7 17. Qxg4 Be5 18. Kg1 Re8 19.
f4 Bf6 20. e5 Bh4 21. Rf1 dxe5 22. fxe5 Qc5+ 23. Kh2 Qxe5+ 24. Kg1 Bf6 25.
Rf3 Qc5+ 26. Kh1 Be5 27. Rh3 Bxb2 28. Rg3 g6 29. Rd1 Be5 30. Re1 Bxg3 31.
Rxe8+ Kg7 32. Ra8 Bd6 33. Qc8 Qe5 34. Qg8+ Kf6 35. Qh8+ Kf5 36. Qxe5+ Bxe5
37. Rf8 Kf6 38. Kg1 Bd4+ 39. Kf1 h5 40. Rh8 Kg5 41. Rf8 f5 42. Rg8 h4 43.
Rh8 Kg4 44. Ke2 f4 45. Kd3 Bxh8 { White resigns } 0-1

[Event "ICC tourney 2520 (60 10)"]
[Site "Internet Chess Club"]
[Date "2021.04.18"]
[Round "6"]
[White "Tsuboyama, Devi:Sweetclover14"]
[Black "GIORGIO, FRANCESCA:FrankieG"]
[Result "1-0"]
[ICCResult "Black checkmated"]
[WhiteElo "515"]
[BlackElo "284"]
[Opening "King's pawn game"]
[ECO "C50"]
[NIC "IG.03"]
[Time "16:32:49"]
[PlyCount "73"]
[TimeControl "3600+10"]

1. e4 e5 2. Nf3 Nc6 3. Bc4 f6 4. Nc3 Nge7 5. O-O d6 6. d3 Bg4 7. Be3 Qd7 8.
Bb5 O-O-O 9. Bxc6 Qxc6 10. h3 Bxf3 11. Qxf3 g5 12. Rad1 f5 13. d4 exd4 14.
Bxd4 fxe4 15. Nxe4 Qxc2 16. Qf6 Rg8 17. Qe6+ Kb8 18. Rd2 Qc6 19. Rd3 Rg6
20. Qf7 Qxe4 21. Ra3 Qxd4 22. Re1 Rg7 23. Qh5 Nd5 24. Ree3 Nxe3 25. fxe3
Qd1+ 26. Qxd1 Re8 27. Qh5 Re6 28. Ra4 a6 29. Qg4 Rxe3 30. Re4 Rd3 31. Re8+
Ka7 32. Qe4 Rd1+ 33. Kh2 d5 34. Qe3+ b6 35. Rxf8 Rd7 36. Qe8 Rd6 37. Qb8# {
Black checkmated } 1-0

[Event "ICC tourney 2520 (60 10)"]
[Site "Internet Chess Club"]
[Date "2021.04.18"]
[Round "6"]
[White "AHARONIAN, ANDRE:Andre2011"]
[Black "Ramkumar, Nikhil:nikhilramkumar"]
[Result "0-1"]
[ICCResult "White checkmated"]
[WhiteElo "716"]
[BlackElo "667"]
[Opening "Scandinavian (center counter) defense"]
[ECO "B01"]
[NIC "VO.17"]
[Time "16:32:43"]
[PlyCount "80"]
[TimeControl "3600+10"]

1. e4 d5 2. d3 dxe4 3. Nc3 exd3 4. cxd3 Nf6 5. Nf3 Bf5 6. Bg5 e6 7. Be2 h6
8. Bxf6 Qxf6 9. O-O Nc6 10. Rc1 Bd6 11. a3 Qg6 12. Ne4 Bh3 13. Nh4 Qh7 14.
Bg4 Bxg4 15. Qxg4 Be7 16. b3 f5 17. Qg3 fxe4 18. Ng6 Bd6 19. Qg4 Kd7 20.
Nxh8 Qxh8 21. dxe4 g5 22. Rcd1 Re8 23. e5 Qxe5 24. g3 Qf5 25. Qh5 Rh8 26.
Qe2 h5 27. Rfe1 h4 28. g4 Qf7 29. Rd3 Rf8 30. Re3 Nd4 31. Qd2 Nf3+ 32. Rxf3
Qxf3 33. Re3 Qxg4+ 34. Kf1 Qf4 35. a4 Kc8 36. Rxe6 Qxd2 37. Re2 Qd1+ 38.
Re1 Qf3 39. Re2 Bb4 40. h3 Qh1# { White checkmated } 0-1

[Event "ICC tourney 2520 (60 10)"]
[Site "Internet Chess Club"]
[Date "2021.04.18"]
[Round "6"]
[White "CALABIA, CONNOR:Connor4Chess"]
[Black "SANCHEZ, JARIEL:ColumbiaJariel"]
[Result "0-1"]
[ICCResult "White checkmated"]
[WhiteElo "496"]
[BlackElo "305"]
[Opening "Bishop's opening: Berlin defense"]
[ECO "C24"]
[NIC "IG.04"]
[Time "16:43:33"]
[PlyCount "114"]
[TimeControl "3600+10"]

1. e4 e5 2. Bc4 Nf6 3. Qf3 d5 4. Bxd5 Nxd5 5. exd5 Qe7 6. d3 Qb4+ 7. Bd2
Qe7 8. Nh3 e4 9. dxe4 Nd7 10. Bg5 Qb4+ 11. Bd2 Qc5 12. b4 Qxc2 13. Nc3 Ne5
14. Qf4 Nd3+ 15. Ke2 Nxf4+ 16. Nxf4 Bg4+ 17. f3 O-O-O 18. Nb5 Qc4+ 19. Kd1
Qxb5 20. Rc1 Qa4+ 21. Rc2 Bxf3+ 22. gxf3 Bd6 23. Nd3 Qb5 24. Nc5 Bxc5 25.
bxc5 Qb1+ 26. Rc1 Qb5 27. Rg1 Rxd5 28. exd5 Qd7 29. c6 bxc6 30. dxc6 Qd6
31. Rxg7 Rd8 32. Rc2 Qxh2 33. Rxf7 Qh1+ 34. Ke2 Qh5 35. a4 Re8+ 36. Kd3
Qg6+ 37. Kc3 Qxf7 38. a5 Qxf3+ 39. Kb2 Qf6+ 40. Bc3 Qxc6 41. Bd2 Qb7+ 42.
Ka1 Re5 43. Bc3 Rc5 44. a6 Qb6 45. Rb2 Qxa6+ 46. Ra2 Qf1+ 47. Be1 Rb5 48.
Rb2 Qxe1+ 49. Ka2 Qa5+ 50. Kb1 Rxb2+ 51. Kxb2 h5 52. Kc2 h4 53. Kd3 h3 54.
Ke2 h2 55. Kf1 Qh5 56. Kg2 h1=Q+ 57. Kf2 Q5f3# { White checkmated } 0-1